 Dungeon Crawl Stone Soup version 0.27-a0-1532-gca18f49f40 (webtiles) character file.

Game seed: 15605275304799610662

92754 dolemite99 the Thaumaturge (level 16, 0/123 HPs)
             Began as a Gnoll Conjurer on July 10, 2021.
             Was a Priest of Lugonu.
             Slain by a merfolk impaler (6 damage)
             ... on level 1 of the Shoals on July 12, 2021.
             The game lasted 01:36:57 (52458 turns).

dolemite99 the Thaumaturge (Gnoll Conjurer)        Turns: 52458, Time: 01:36:58

Health: 0/123      AC: 18    Str:  8    XL:     16   Next: 6%
Magic:  30/31      EV: 17    Int: 27    God:    Lugonu [***...]
Gold:   70         SH: 12    Dex: 16    Spells: 5/38 levels left

rFire    + . .     SeeInvis .   a - +7 morningstar "Wieggaah" {freeze, rN+ Int+5 Dex+4}
rCold    . . .     Faith    .   H - +0 buckler
rNeg     + . .     Spirit   .   T - +0 acid dragon scales
rPois    .         Reflect  +   w - +0 helmet
rElec    .         Harm     .   G - +1 cloak
rCorr    +         Rampage  .   C - +1 pair of gloves
Will     ++...                  P - +2 pair of boots
Stlth    +++++.....             U - amulet of reflection
HPRegen  0.30/turn              Y - ring of willpower {=R}
MPRegen  0.22/turn              t - ring of protection from fire

@: about to teleport
A: fangs 1, strong nose, distributed training
a: Renounce Religion, Depart the Abyss, Bend Space, Banish


You were on level 1 of the Shoals.
You worshipped Lugonu.
Lugonu was most pleased with you.
You visited 5 branches of the dungeon, and saw 27 of its levels.

You collected 2750 gold pieces.
You spent 2680 gold pieces at shops.

Inventory:

Hand Weapons
 a - the +7 morningstar "Wieggaah" (weapon) {freeze, rN+ Int+5 Dex+4}
   (You bought it in a shop on level 2 of the Orcish Mines)

   It has been specially enchanted to freeze those struck by it, causing extra
   injury to most foes and up to half again as much damage against particularly
   susceptible opponents.
   It can also slow down cold-blooded creatures.
   Int:       It affects your intelligence (+5).
   Dex:       It affects your dexterity (+4).
   rN:        It protects you from negative energy.
 b - the +7 shortbow "Vetofau" {vorpal, rF+ rC+ rCorr}
   (You bought it in a shop on level 2 of the Orcish Mines)

   Any arrow fired from it inflicts extra damage.
   rF:        It protects you from fire.
   rC:        It protects you from cold.
   rCorr:     It protects you from acid and corrosion.
 m - a +2 double sword of holy wrath
 z - a +2 eveningstar of flaming
 B - the +8 trident "Arbiter" {holy, Dex+3}
   (You found it on level 8 of the Dungeon)

   It has been blessed by the Shining One to cause great damage to the undead
   and demons.
   Dex:       It affects your dexterity (+3).
Missiles
 n - 728 arrows
 r - 7 datura-tipped darts
 s - 98 sling bullets
 D - 84 poisoned darts
 Q - 6 atropa-tipped darts
 R - 6 boomerangs (quivered)
 W - 2 throwing nets
 X - 25 javelins
Armour
 w - a +0 helmet (worn)
 C - a +1 pair of gloves (worn)
 G - a +1 cloak (worn)
 H - a +0 buckler (worn)
 P - a +2 pair of boots (worn)
 T - +0 acid dragon scales (worn)
Magical Staves
 o - a staff of air
 q - a staff of cold
Jewellery
 j - a ring of fire
 t - a ring of protection from fire (right hand)
 v - a ring of wizardry
 y - a ring of resist corrosion
 N - an amulet of guardian spirit
 S - a ring of protection from fire
 U - an amulet of reflection (around neck)
 Y - a ring of willpower (left hand) {=R}
 Z - a +6 ring of dexterity
Wands
 g - a wand of digging (4)
 k - a wand of flame (48)
Scrolls
 c - 2 scrolls of blinking
 d - a scroll of brand weapon
 p - 3 scrolls of vulnerability
 A - 7 scrolls of teleportation
 E - 4 scrolls of amnesia
 L - 7 scrolls of identify {@r1}
Potions
 e - 5 potions of flight
 h - 2 potions of ambrosia
 l - 2 potions of attraction
 u - a potion of mutation
 x - 2 potions of brilliance
 I - a potion of curing
 K - 2 potions of might
 M - 5 potions of haste
 O - 2 potions of berserk rage
 V - 5 potions of lignification
Miscellaneous
 f - a lightning rod (inert)
 J - a phantom mirror (inert)


   Skills:
 + Level 10.5 Fighting
 + Level 10.5 Short Blades
 + Level 10.5 Long Blades
 + Level 10.5 Axes
 + Level 10.5 Maces & Flails
 + Level 10.5 Polearms
 + Level 10.5 Staves
 + Level 10.5 Slings
 + Level 10.5 Bows
 + Level 10.5 Crossbows
 + Level 10.5 Throwing
 + Level 10.5 Armour
 + Level 11.4 Dodging
 + Level 11.2 Stealth
 + Level 10.5 Shields
 + Level 10.5 Unarmed Combat
 + Level 11.5 Spellcasting
 + Level 11.2 Conjurations
 + Level 8.9 Hexes
 + Level 8.9 Summonings
 + Level 8.9 Necromancy
 + Level 8.9 Translocations
 + Level 8.9 Transmutations
 + Level 8.9 Fire Magic
 + Level 8.9 Ice Magic
 + Level 8.9 Air Magic
 + Level 8.9 Earth Magic
 + Level 8.9 Poison Magic
 + Level 11.3 Invocations
 + Level 10.5 Evocations


You had 5 spell levels left.
You knew the following spells:

 Your Spells              Type           Power      Damage    Failure   Level
a - Fulminant Prism       Conj/Hex       31%        3d16      1%          4
b - Sticky Flame          Conj/Fire      63%        2d8       1%          4
c - Mephitic Cloud        Conj/Pois/Air  61%        N/A       1%          3
d - Searing Ray           Conj           100%       3d7       1%          2
e - Olgreb's Toxic Radia  Pois           59%        N/A       1%          4
f - Dazzling Flash        Conj/Hex       100%       N/A       1%          3
g - Apportation           Tloc           100%       N/A       1%          1
h - Iskenderun's Mystic   Conj/Tloc      63%        2d13      1%          4
i - Freezing Cloud        Conj/Ice/Air   30%        6-21      3%          5
j - Swiftness             Air            59%        N/A       1%          3

Your spell library contained the following spells:

 Spells                   Type           Power      Damage    Failure   Level
 Corona                   Hex            65%        N/A       1%          1
 Magic Dart               Conj           100%       1d8       1%          1
 Pain                     Necr           100%       1d9       1%          1
 Shock                    Conj/Air       100%       1d9       1%          1
 Sting                    Tmut/Pois      100%       1d8       1%          1
 Summon Small Mammal      Summ           100%       N/A       1%          1
 Call Imp                 Summ           59%        N/A       1%          2
 Ensorcelled Hibernation  Hex/Ice        100%       N/A       1%          2
 Poisonous Vapours        Pois/Air       100%       N/A       1%          2
 Call Canine Familiar     Summ           59%        N/A       1%          3
 Conjure Flame            Conj/Fire      63%        6-21      1%          3
 Ignite Poison            Fire/Tmut/Pois 59%        N/A       1%          3
 Summon Guardian Golem    Hex/Summ       59%        N/A       1%          3
 Tukima's Dance           Hex            59%        N/A       1%          3
 Airstrike                Air            29%        N/A       1%          4
 Agony                    Necr           59%        N/A       4%          5
 Alistair's Intoxication  Tmut/Pois      39%        N/A       4%          5
 Excruciating Wounds      Necr           29%        N/A       4%          5
 Invisibility             Hex            29%        N/A       22%         6


Dungeon Overview and Level Annotations

Branches:
Dungeon (15/15)            Temple (0/1) D:5            Lair (6/6) D:10
 Shoals (1/4) Lair:2        Snake (3/4) Lair:4        Slime (0/5) Lair:6
    Orc (2/2) D:9             Elf (0/3) Orc:2        Vaults (0/5) D:14
 Depths (0/5) D:15

Altars:
Ashenzari
Cheibriados
Elyvilon
Fedhas
Makhleb
Qazlal
Sif Muna
Uskayaw
Vehumet
Wu Jian
Yredelemnul
Zin
Jiyva
Lugonu

Shops:
D:10 (   Orc:2 ((((   Snake:2 ?*

Annotations:
D:13 corrupted
D:14 Rupert
D:15 Roxanne
Lair:1 2 transporters, Daal's ghost, journeyman DEFE
Lair:4 corrupted, exclusion: 4 oklob plants
Lair:5 3 runed translucent doors, Necwier's ghost, journeyman MiBe
Lair:6 corrupted, 1 runed translucent door
Orc:1 corrupted
Orc:2 corrupted


Innate Abilities, Weirdness & Mutations

You have very sharp teeth.
Your uncanny sense of smell can sniff out nearby items.
Your experience applies equally to all skills.


Message History

Aim: a merfolk javelineer, wielding a +0 spear, wearing a +0 leather armour and quivering silver javelins (grey smoke, heavily wounded)
The thunderbolt hits the merfolk javelineer!!
The merfolk javelineer is almost dead.
You hear an angry hiss.
The merfolk impaler hits you from afar with a +4 trident of flaming!
* * * LOW HITPOINT WARNING * * *
The merfolk throws a boomerang.
You reflect the boomerang off an invisible shield around you!
The boomerang hits the merfolk!
The merfolk impaler misses you.
The merfolk javelineer throws a silver javelin.
The silver javelin pierces through you!
* * * LOW HITPOINT WARNING * * *
x2 That's the wrong kind of item! (Use * to select it.) Evoke which item? (* to show all) (? for menu, Esc to quit)
Aiming: Thunderbolt
Press: ? - help, Shift-Dir - straight line, f - merfolk, p - merfolk javelineer
Aim: a merfolk, wielding a +4 trident and quivering boomerangs (grey smoke, moderately wounded)
The thunderbolt hits the merfolk!
The merfolk is severely wounded.
The thunderbolt hits the merfolk javelineer!
You kill the merfolk javelineer!
Lugonu accepts your kill.
You hear a splash. x3
Lugonu accepts your kill.
You hear a splash. x2
You feel a bit more experienced.
The lightning rod overheats!
The merfolk impaler closely misses you.
The merfolk throws a boomerang.
The boomerang hits you.
* * * LOW HITPOINT WARNING * * *
As you read the scroll of teleportation, it crumbles to dust.
You feel strangely unstable.
The merfolk impaler hits you from afar with a +4 trident of flaming!
* * * LOW HITPOINT WARNING * * *
The merfolk impaler burns you.
* * * LOW HITPOINT WARNING * * *
The merfolk throws a boomerang.
You reflect the boomerang off an invisible shield around you!
The boomerang hits the merfolk!!
The merfolk impaler hits you from afar with a +4 trident of flaming.
You die...

≈≈≈≈≈≈≈≈≈≈≈≈≈≈≈
≈≈≈≈≈≈≈≈≈≈≈≈≈≈≈≈
≈≈≈≈≈≈≈≈≈≈≈H≈≈≈≈≈
≈≈≈≈≈≈≈≈≈≈≈≈m≈≈≈≈
≈≈≈≈≈≈≈≈≈≈§mm≈≈
≈≈≈≈≈≈≈§§mHm. ∆
≈≈≈≈≈≈≈§§§§#
≈≈≈≈≈≈≈§§@##
≈≈≈≈≈≈≈§§§§####
≈≈≈≈≈≈≈<≈≈≈.....
≈≈≈≈≈≈≈≈.≈≈≈≈...
≈≈≈≈≈≈≈≈≈≈≈≈≈≈...
≈≈≈≈≈≈≈≈≈≈≈≈≈≈≈≈≈
≈≈≈≈≈≈≈≈≈≈≈≈≈≈≈≈≈
≈≈≈≈≈≈≈≈≈≈≈≈≈≈≈≈≈
≈≈≈≈≈≈≈≈≈≈≈≈≈≈≈≈


You could see a merfolk impaler, a merfolk and a manticore (skewered).

Vanquished Creatures
  A nagaraja (Snake:2)
  A fire dragon (Lair:1)
  A merfolk javelineer (Shoals:1)
  2 naga warriors
  4 hydras
  A boulder beetle (D:12)
  Erolcha (D:9)
  A salamander tyrant (Snake:1)
  A death knight (D:13)
  6 anacondas
  2 two-headed ogres
  3 centaur warriors
  A tengu warrior (D:13)
  2 naga sharpshooters (Snake:2)
  3 shock serpents (Snake:2)
  3 orc high priests (Orc:2)
  Urug (Lair:1)
  A sea snake (Lair:6)
  A naga ritualist (Snake:2)
  4 ugly things
  2 orc knights
  9 mana vipers
  5 trolls
  3 deep elf pyromancers
  4 orc sorcerers (Orc:2)
  4 manticores
  4 cyclopes
  6 salamanders (Snake:2)
  18 black mambas
  2 guardian serpents (Snake:2)
  A guardian serpent (shapeshifter) (D:9)
  10 naga magi
  Joseph (D:7)
  2 torpor snails
  15 cane toads
  Maggie (D:6)
  2 unseen horrors (D:11)
  5 komodo dragons
  A kobold demonologist (D:10)
  4 rime drakes
  A tengu conjurer (D:14)
  A merfolk (Shoals:1)
  3 meliai (D:13)
  3 polar bears
  A wind drake (Lair:2)
  7 blink frogs
  4 dream sheep (Lair:3)
  A centaur simulacrum (D:15)
  2 water elementals (D:14)
  38 yaks
  A fire elemental (Lair:2)
  2 wyverns (Lair:3)
  6 basilisks
  A steam dragon (D:8)
  4 vampire mosquitoes (D:12)
  4 wargs
  2 acid dragons
  17 nagas
  13 water moccasins
  5 ice beasts
  11 orc warriors
  A sky beast (D:6)
  8 black bears
  2 necrophages (D:5)
  3 wolves (Lair:5)
  18 centaurs
  5 ogres
  3 phantoms (D:9)
  A kobold brigand (D:10)
  15 bullfrogs
  3 scorpions
  A water moccasin skeleton (D:5)
  2 wyvern skeletons
  A troll zombie (D:9)
  10 killer bees
  3 wights (D:7)
  4 howler monkeys
  An electric eel (D:14)
  A crimson imp (D:5)
  2 centaur zombies
  A bullfrog zombie (D:6)
  A bullfrog skeleton (D:5)
  A hound (D:6)
  A centaur skeleton (D:5)
  A gnoll shaman (D:9)
  A jelly (D:6)
  7 orc priests
  3 hell rats (Lair:1)
  An iguana (D:6)
  13 orc wizards
  A killer bee zombie (D:6)
  5 ogre zombies (D:9)
  2 howler monkey zombies
  A river rat (D:5)
  4 adders
  4 white imps
  An ufetubus (D:6)
  4 dart slugs
  50 orcs
  4 endoplasms
  3 giant cockroaches
  8 goblins
  7 hobgoblins
  4 jackals
  A quokka (D:1)
  3 training dummies (D:10)
  13 ball pythons
  6 bats
  4 frilled lizards
  A goblin skeleton (D:9)
  5 goblin zombies (D:9)
  3 hobgoblin zombies (D:9)
  9 kobolds
  2 orc skeletons (D:9)
  8 orc zombies (D:9)
  5 rats
538 creatures vanquished.

Vanquished Creatures (collateral kills)
  A naga warrior (Snake:2)
  A rime drake (Lair:6)
  A komodo dragon (Lair:6)
  A yak (Lair:5)
  A naga (Snake:2)
  2 water moccasins
  A bullfrog (Lair:4)
  An orc priest (Orc:2)
  2 hell rats (Lair:1)
  5 orcs
16 creatures vanquished.

Vanquished Creatures (others)
  2 hydras
  A merfolk avatar (Lair:6)
  2 two-headed ogres
  10 death yaks (Lair:6)
  A tengu warrior (D:13)
  4 skeletal warriors (D:13)
  2 orc knights (Orc:2)
  A lindwurm (Lair:4)
  3 oklob plants (Lair:4)
  11 elephants
  3 black mambas (Lair:6)
  8 cane toads
  5 rime drakes
  11 komodo dragons
  2 polar bears
  A water elemental (D:14)
  A shadow (D:13)
  3 wyverns (Lair:6)
  9 yaks (Lair:4)
  A basilisk (Lair:6)
  A warg (Orc:1)
  8 water moccasins
  7 orc warriors
  A black bear (Lair:4)
  An ogre (Orc:1)
  A centaur (D:13)
  2 bullfrogs (Lair:4)
  6 orc priests
  6 orc wizards
  8 white imps (Lair:4)
  17 orcs
  A bush (Lair:6)
  20 fulminant prisms
  82 fungi
  129 plants
  39 starspawn tentacles
410 creatures vanquished.

Grand Total: 964 creatures vanquished

Notes
Turn   | Place    | Note
-------+----------+-------------------------------------------
     0 | D:1      | dolemite99 the Gnoll Conjurer began the quest for the Orb.
     0 | D:1      | Reached XP level 1. HP: 13/13 MP: 6/6
   119 | D:1      | Found a faded altar of an unknown god.
   370 | D:1      | Became a worshipper of Lugonu the Unformed
   370 | D:1      | Reached * piety under Lugonu
   370 | D:1      | Reached ** piety under Lugonu
   584 | D:1      | Reached XP level 2. HP: 19/19 MP: 5/7
  1225 | D:2      | Learned a level 2 spell: Searing Ray
  1324 | D:2      | Reached skill level 5 in Spellcasting
  1324 | D:2      | Reached XP level 3. HP: 25/25 MP: 4/9
  1472 | D:2      | Learned a level 3 spell: Dazzling Flash
  2092 | D:2      | Reached skill level 1 in Invocations
  2190 | D:3      | Reached skill level 1 in Fighting
  2190 | D:3      | Reached skill level 1 in Short Blades
  2190 | D:3      | Reached skill level 1 in Long Blades
  2190 | D:3      | Reached skill level 1 in Axes
  2190 | D:3      | Reached skill level 1 in Maces & Flails
  2190 | D:3      | Reached skill level 1 in Polearms
  2190 | D:3      | Reached skill level 1 in Staves
  2190 | D:3      | Reached skill level 1 in Slings
  2190 | D:3      | Reached skill level 1 in Bows
  2190 | D:3      | Reached skill level 1 in Crossbows
  2190 | D:3      | Reached skill level 1 in Throwing
  2190 | D:3      | Reached skill level 1 in Armour
  2190 | D:3      | Reached skill level 1 in Shields
  2190 | D:3      | Reached skill level 1 in Unarmed Combat
  2190 | D:3      | Reached skill level 1 in Evocations
  2495 | D:3      | Reached XP level 4. HP: 32/32 MP: 7/11
  2736 | D:3      | Reached *** piety under Lugonu
  3111 | D:3      | Reached skill level 1 in Hexes
  3111 | D:3      | Reached skill level 1 in Summonings
  3111 | D:3      | Reached skill level 1 in Necromancy
  3111 | D:3      | Reached skill level 1 in Translocations
  3111 | D:3      | Reached skill level 1 in Transmutations
  3111 | D:3      | Reached skill level 1 in Fire Magic
  3111 | D:3      | Reached skill level 1 in Ice Magic
  3111 | D:3      | Reached skill level 1 in Air Magic
  3111 | D:3      | Reached skill level 1 in Earth Magic
  3111 | D:3      | Reached skill level 1 in Poison Magic
  3524 | D:3      | Found a blossoming altar of Fedhas.
  3671 | D:3      | Found a glowing silver altar of Zin.
  3673 | D:3      | Found an ornate altar of the Wu Jian Council.
  3673 | D:3      | Found a hide-covered altar of Uskayaw.
  3712 | D:3      | Reached XP level 5. HP: 28/37 MP: 4/12
  4021 | D:4      | Reached XP level 6. HP: 42/44 MP: 8/13
  4808 | D:4      | Found Acwis's Magic Scroll Emporium.
  4814 | D:4      | Bought a scroll of fog for 24 gold pieces
  4814 | D:4      | Bought a scroll of teleportation for 36 gold pieces
  4814 | D:4      | Bought a scroll of magic mapping for 42 gold pieces
  4881 | D:5      | Entered Level 5 of the Dungeon
  4993 | D:4      | Reached skill level 5 in Dodging
  5198 | D:5      | Noticed a necrophage
  5224 | D:5      | Killed a necrophage
  5225 | D:5      | Reached XP level 7. HP: 25/50 MP: 2/15
  5385 | D:5      | Found a staircase to the Ecumenical Temple.
  5389 | D:5      | Learned a level 2 spell: Poisonous Vapours
  5702 | D:5      | Found a burning altar of Makhleb.
  5751 | D:5      | Found a radiant altar of Vehumet.
  6152 | D:5      | Reached skill level 5 in Stealth
  6427 | D:6      | Noticed Maggie
  6447 | D:6      | Killed Maggie
  6448 | D:6      | Reached XP level 8. HP: 27/58 MP: 16/16
  6790 | D:6      | Reached **** piety under Lugonu
  6951 | D:4      | Bought a scroll of holy word for 90 gold pieces
  6951 | D:4      | Bought a scroll of amnesia for 42 gold pieces
  7381 | D:6      | Learned a level 3 spell: Mephitic Cloud
  7385 | D:6      | Learned a level 3 spell: Call Canine Familiar
  7905 | D:6      | Reached XP level 9. HP: 55/65 MP: 10/18
  8148 | D:6      | Found a stormy altar of Qazlal.
  8148 | D:6      | Found a shimmering blue altar of Sif Muna.
  8148 | D:6      | Found a basalt altar of Yredelemnul.
  8524 | D:7      | Noticed Joseph
  8594 | D:7      | Killed Joseph
  9049 | D:7      | Found a broken altar of Ashenzari.
  9886 | D:7      | Reached skill level 5 in Invocations
 10697 | D:7      | Identified the +6 whip of Seuh {vamp, Will- Dex+5}
 10845 | D:4      | Bought a scroll of fear for 42 gold pieces
 11344 | D:4      | Bought a scroll of teleportation for 36 gold pieces
 11732 | D:8      | Reached XP level 10. HP: 71/73 MP: 6/20
 11893 | D:8      | Identified the +8 trident "Arbiter" {holy, Dex+3}
 12600 | D:8      | Reached skill level 5 in Fighting
 12600 | D:8      | Reached skill level 5 in Short Blades
 12600 | D:8      | Reached skill level 5 in Long Blades
 12600 | D:8      | Reached skill level 5 in Axes
 12600 | D:8      | Reached skill level 5 in Maces & Flails
 12600 | D:8      | Reached skill level 5 in Polearms
 12600 | D:8      | Reached skill level 5 in Staves
 12600 | D:8      | Reached skill level 5 in Slings
 12600 | D:8      | Reached skill level 5 in Bows
 12600 | D:8      | Reached skill level 5 in Crossbows
 12600 | D:8      | Reached skill level 5 in Throwing
 12600 | D:8      | Reached skill level 5 in Armour
 12600 | D:8      | Reached skill level 5 in Shields
 12600 | D:8      | Reached skill level 5 in Unarmed Combat
 12600 | D:8      | Reached skill level 5 in Evocations
 13963 | D:9      | Noticed Erolcha
 13968 | D:9      | Killed Erolcha
 14274 | D:9      | Found a staircase to the Orcish Mines.
 14299 | D:9      | Reached ***** piety under Lugonu
 14813 | D:9      | Found a snail-covered altar of Cheibriados.
 14997 | D:9      | Noticed a guardian serpent
 15006 | D:9      | Killed a guardian serpent
 15007 | D:9      | Reached XP level 11. HP: 57/81 MP: 14/22
 15278 | D:10     | Entered Level 10 of the Dungeon
 15364 | D:10     | Noticed a two-headed ogre
 15550 | D:10     | Reached skill level 5 in Hexes
 15550 | D:10     | Reached skill level 5 in Summonings
 15550 | D:10     | Reached skill level 5 in Necromancy
 15550 | D:10     | Reached skill level 5 in Translocations
 15550 | D:10     | Reached skill level 5 in Transmutations
 15550 | D:10     | Reached skill level 5 in Fire Magic
 15550 | D:10     | Reached skill level 5 in Ice Magic
 15550 | D:10     | Reached skill level 5 in Air Magic
 15550 | D:10     | Reached skill level 5 in Earth Magic
 15550 | D:10     | Reached skill level 5 in Poison Magic
 17391 | D:10     | Noticed a sun demon
 17968 | D:10     | Found a staircase to the Lair.
 18429 | D:10     | Found a white marble altar of Elyvilon.
 18498 | D:10     | Found Adorrok's Firing Range.
 19251 | D:10     | Learned a level 5 spell: Freezing Cloud
 19256 | D:10     | Learned a level 4 spell: Olgreb's Toxic Radiance
 19262 | Lair:1   | Entered Level 1 of the Lair of Beasts
 19262 | Lair:1   | Noticed Urug
 19276 | Lair:1   | Killed Urug
 19482 | Lair:1   | Found a transporter.
 19482 | Lair:1   | Noticed Daal's ghost (journeyman DEFE)
 19560 | Lair:1   | You fall into a shaft and drop 1 floor!
 20658 | Lair:1   | Found a transporter.
 21238 | Lair:1   | Noticed a fire dragon
 21270 | Lair:1   | Killed a fire dragon
 21271 | Lair:1   | Reached XP level 12. HP: 17/89 MP: 6/24
 21816 | Lair:1   | Identified a scroll of acquirement
 21816 | Lair:1   | Acquired 723 gold pieces
 22362 | Lair:2   | Found a staircase to the Shoals.
 23916 | Lair:2   | Upgraded the game from 0.27-a0-1525-g1038ab4fd7 to
                  | 0.27-a0-1532-gca18f49f40
 23918 | Lair:2   | Learned a level 1 spell: Apportation
 24638 | D:4      | Bought a scroll of teleportation for 36 gold pieces
 24816 | D:10     | Bought a throwing net for 45 gold pieces
 24816 | D:10     | Bought 4 poisoned darts for 24 gold pieces
 24816 | D:10     | Bought 16 arrows for 48 gold pieces
 24816 | D:10     | Bought 24 arrows for 72 gold pieces
 24816 | D:10     | Bought 5 javelins for 60 gold pieces
 24816 | D:10     | Bought 7 javelins for 84 gold pieces
 27489 | Lair:4   | You fall into a shaft and drop 2 floors!
 27489 | Lair:6   | Entered Level 6 of the Lair of Beasts
 27848 | Lair:6   | Noticed a death yak
 27848 | Lair:6   | Noticed a death yak
 27848 | Lair:6   | Noticed a death yak
 27848 | Lair:6   | Noticed a death yak
 27848 | Lair:6   | Noticed a death yak
 27849 | Lair:6   | Noticed a death yak
 27849 | Lair:6   | Noticed a death yak
 27849 | Lair:6   | Noticed a death yak
 27850 | Lair:6   | Corrupted Lair:6
 27850 | Lair:6   | Noticed an eidolon
 27850 | Lair:6   | Noticed a tentacled starspawn
 27850 | Lair:6   | Noticed a bone dragon
 27850 | Lair:6   | Noticed a reaper
 27850 | Lair:6   | Noticed a tentacled starspawn
 27850 | Lair:6   | Noticed a death yak
 27852 | Lair:6   | Noticed a starcursed mass
 27852 | Lair:6   | Killed a death yak
 27853 | Lair:6   | Killed a death yak
 27855 | Lair:6   | Killed a death yak
 27856 | Lair:6   | Killed a death yak
 27857 | Lair:6   | Killed a death yak
 27860 | Lair:6   | Killed a death yak
 27861 | Lair:6   | Killed a death yak
 27862 | Lair:6   | Killed a death yak
 27862 | Lair:6   | Killed a death yak
 27866 | Lair:6   | Killed a death yak
 27868 | Lair:6   | Killed an eight-headed hydra
 27929 | Lair:6   | Killed a merfolk avatar
 28181 | Lair:6   | Noticed a six-headed hydra
 28187 | Lair:6   | Killed a six-headed hydra
 28188 | Lair:6   | Reached XP level 13. HP: 98/98 MP: 26/26
 29417 | Lair:4   | Corrupted Lair:4
 29417 | Lair:4   | Noticed a deep elf demonologist
 29417 | Lair:4   | Noticed a deep elf sorcerer
 29417 | Lair:4   | Noticed a tentacled starspawn
 29417 | Lair:4   | Noticed a purple draconian monk
 29417 | Lair:4   | Noticed a tentacled starspawn
 29417 | Lair:4   | Noticed a bone dragon
 29418 | Lair:4   | Noticed a starcursed mass
 29418 | Lair:4   | Noticed a tentacled starspawn
 29419 | Lair:4   | Noticed a tentacled starspawn
 29419 | Lair:4   | Noticed a tentacled starspawn
 29429 | Lair:4   | Noticed a tentacled starspawn
 30435 | Lair:4   | Found a staircase to the Snake Pit.
 31406 | Lair:5   | Found a runed translucent gate.
 31406 | Lair:5   | Found a runed translucent gate.
 31406 | Lair:5   | Found a runed translucent gate.
 31489 | Lair:5   | Reached skill level 10 in Conjurations
 31973 | Lair:5   | Noticed Necwier's ghost (journeyman MiBe)
 32361 | Lair:6   | Learned a level 4 spell: Fulminant Prism
 32362 | Lair:6   | Found a runed translucent door.
 32366 | Lair:6   | Found a viscous altar of Jiyva.
 32367 | Lair:6   | Noticed an azure jelly
 32367 | Lair:6   | Noticed an azure jelly
 32368 | Lair:6   | Found a staircase to the Slime Pits.
 32368 | Lair:6   | Noticed an azure jelly
 33609 | D:11     | Reached skill level 10 in Spellcasting
 34728 | Orc:1    | Entered Level 1 of the Orcish Mines
 34730 | Orc:1    | Corrupted Orc:1
 34730 | Orc:1    | Noticed a cacodemon
 34730 | Orc:1    | Noticed a tentacled starspawn
 34730 | Orc:1    | Noticed a blizzard demon
 34730 | Orc:1    | Noticed an Executioner
 34730 | Orc:1    | Noticed a tentacled starspawn
 34730 | Orc:1    | Noticed a starcursed mass
 34730 | Orc:1    | Noticed a balrug
 34731 | Orc:1    | Noticed a yellow draconian scorcher
 34739 | Orc:1    | Found a radiant altar of Vehumet.
 35312 | Orc:2    | Entered Level 2 of the Orcish Mines
 35775 | Orc:2    | Reached XP level 14. HP: 90/106 MP: 20/28
 35776 | Orc:2    | Reached skill level 10 in Dodging
 36311 | Orc:2    | Found a staircase to the Elven Halls.
 36595 | Orc:2    | Corrupted Orc:2
 36596 | Orc:2    | Noticed a starcursed mass
 36603 | Orc:2    | Noticed a cacodemon
 36765 | Orc:2    | Found Miocruni's Weapon Shoppe.
 36765 | Orc:2    | Found Vemushryq's Weapon Shoppe.
 36766 | Orc:2    | Found Uvagun's Antique Weapon Shop.
 36770 | Orc:2    | Found Elaivuu's Antique Weapon Shop.
 36793 | Orc:2    | Bought a +2 double sword of holy wrath for 663 gold pieces
 36799 | Orc:2    | Bought a twisted morningstar for 234 gold pieces
 36799 | Orc:2    | Identified the +7 morningstar "Wieggaah" {freeze, rN+ Int+5
                  | Dex+4} (You bought it in a shop on level 2 of the Orcish
                  | Mines)
 36807 | Orc:2    | Bought a pitted shortbow for 208 gold pieces
 36807 | Orc:2    | Identified the +7 shortbow "Vetofau" {vorpal, rF+ rC+
                  | rCorr} (You bought it in a shop on level 2 of the Orcish
                  | Mines)
 37306 | Orc:2    | Reached skill level 10 in Stealth
 38666 | D:12     | Reached skill level 10 in Invocations
 39694 | D:13     | Corrupted D:13
 39694 | D:13     | Noticed a starcursed mass
 39694 | D:13     | Noticed a tentacled starspawn
 39694 | D:13     | Noticed an Executioner
 39696 | D:13     | Noticed a bone dragon
 39718 | D:13     | Noticed a tentacled starspawn
 40011 | D:13     | Learned a level 4 spell: Sticky Flame
 42141 | D:14     | Found a gate to the Vaults.
 42887 | D:15     | Entered Level 15 of the Dungeon
 42892 | D:15     | Identified Roxanne's Handbook of Transmutation
 42892 | D:15     | Noticed Roxanne
 42944 | D:15     | Noticed Rupert
 42982 | D:15     | Learned a level 3 spell: Swiftness
 44059 | Snake:1  | Entered Level 1 of the Snake Pit
 44488 | Snake:1  | Learned a level 4 spell: Iskenderun's Mystic Blast
 44730 | Snake:1  | Reached XP level 15. HP: 115/115 MP: 23/29
 46846 | Snake:2  | Reached skill level 10 in Fighting
 46846 | Snake:2  | Reached skill level 10 in Short Blades
 46846 | Snake:2  | Reached skill level 10 in Long Blades
 46846 | Snake:2  | Reached skill level 10 in Axes
 46846 | Snake:2  | Reached skill level 10 in Maces & Flails
 46846 | Snake:2  | Reached skill level 10 in Polearms
 46846 | Snake:2  | Reached skill level 10 in Staves
 46846 | Snake:2  | Reached skill level 10 in Slings
 46846 | Snake:2  | Reached skill level 10 in Bows
 46846 | Snake:2  | Reached skill level 10 in Crossbows
 46846 | Snake:2  | Reached skill level 10 in Throwing
 46846 | Snake:2  | Reached skill level 10 in Armour
 46846 | Snake:2  | Reached skill level 10 in Shields
 46846 | Snake:2  | Reached skill level 10 in Unarmed Combat
 46846 | Snake:2  | Reached skill level 10 in Evocations
 48340 | Snake:2  | Noticed a nagaraja
 48354 | Snake:2  | Killed a nagaraja
 48524 | Snake:2  | Found Zekaplu's Magic Scroll Shoppe.
 48532 | Snake:2  | Bought a scroll of magic mapping for 56 gold pieces
 48532 | Snake:2  | Bought a scroll of fog for 32 gold pieces
 48532 | Snake:2  | Bought a scroll of fear for 56 gold pieces
 48532 | Snake:2  | Bought a scroll of vulnerability for 120 gold pieces
 48532 | Snake:2  | Found Gurixofiy's Assorted Antiques.
 48537 | Snake:2  | Bought a twisted copper amulet for 175 gold pieces
 48542 | Snake:2  | Bought a potion of curing for 105 gold pieces
 48542 | Snake:2  | Bought a potion of haste for 350 gold pieces
 50247 | Snake:2  | HP: 3/116 [something (7)]
 51373 | Snake:2  | You fall into a shaft and drop 1 floor!
 51669 | Snake:2  | Reached XP level 16. HP: 100/123 MP: 15/31
 52438 | Shoals:1 | Entered Level 1 of the Shoals
 52458 | Shoals:1 | HP: 6/123 [merfolk impaler (3)]
 52458 | Shoals:1 | Slain by a merfolk impaler

Illustrated notes

Levels and vault maps discovered:
D:1:      minmay_arrival_pointy, layout_rooms, basic_ecumenical_altar,
          grunt_decor_arrowhead, minmay_misc_feat_doors
D:2:      layout_rooms
D:3:      layout_rooms, minitemple, minmay_quadrilaterals
D:4:      layout_rooms, serial_shops, kennysheep_little_box
D:5:      layout_rooms, grunt_temple_overflow_lords_of_destruction,
          minmay_temple_entry_water_ring, portal_sewer_entry_b,
          kennysheep_generic_room_4
D:6:      layout_basic, gammafunk_temple_overflow_forgotten,
          minmay_stone_trees_small, uniq_maggie
D:7:      layout_gridville, mainiacjoe_overflow_alcove_2, uniq_joseph
D:8:      layout_basic
D:9:      layout_rooms, lemuel_crystal_altar, zombieorc1_lemuel, uniq_erolcha
D:10:     layout_loops_ring, elyvilon_altar_1, due_lair_maze_entry_diamond,
          special_room [special_room_orc], nicolae_shop_firing_range
D:11:     layout_roguey
D:12:     layout_roguey
D:13:     layout_small_grid
D:14:     layout_basic, minmay_misc_feat_square
D:15:     grunt_enter_depths_magical_seal, layout_basic,
          chequers_serial_rivers_large_b, uniq_kirke, uniq_rupert, uniq_roxanne
Lair:1:   dragon1_lemuel, layout_cellular_growth, gammafunk_ghost_arena,
          beast_lair_carwin_2, uniq_urug
Lair:2:   gammafunk_indiana_jones, layout_gridlike, minmay_shoals_entry_beasts,
          lemuel_fruit_tree
Lair:3:   layout_loops_ring, gauntlet_entry_generic,
          chequers_serial_rivers_marsh, grunt_megastairs_1
Lair:4:   cheibrodos_lair_river_kwai, layout_regular_city, dummy_snake_entry,
          portal_ice_cave_entry_imps, st_stairs_12, dpeg_oklob_1,
          infiniplex_staircase_pool_2, minmay_lair_oklob_chamber
Lair:5:   layout_misc_corridors, ebering_ghost_rock_garden
Lair:6:   gammafunk_lair_ancient_temple, layout_cave_pods, slime_altar_2,
          serial_bayou_shore_a, serial_bayou_shore_b
Shoals:1: layout_shoals, serial_shops, statue_bzr
Snake:1:  layout_rooms, grunt_megastairs_3, serial_bayou_shore_b
Snake:2:  layout_grid_maze, minmay_shop_star, grunt_megastairs_2
Snake:3:  layout_layer_cave
Orc:1:    layout_caves, basic_altar
Orc:2:    st_orc_elflike, layout_caves

Skill      XL: |  1  2  3  4  5  6  7  8  9 10 11 12 13 14 15 |
---------------+----------------------------------------------+-----
Spellcasting   | 5 6 7 8 9 10 11 | 11.5
Invocations    | 1 2 3 4 5 6 7 8 9 10 11 | 11.3
Fighting       | 1 2 3 4 5 6 7 8 9 10 | 10.5
Short Blades   | 1 2 3 4 5 6 7 8 9 10 | 10.5
Long Blades    | 1 2 3 4 5 6 7 8 9 10 | 10.5
Axes           | 1 2 3 4 5 6 7 8 9 10 | 10.5
Maces & Flails | 1 2 3 4 5 6 7 8 9 10 | 10.5
Polearms       | 1 2 3 4 5 6 7 8 9 10 | 10.5
Staves         | 1 2 3 4 5 6 7 8 9 10 | 10.5
Slings         | 1 2 3 4 5 6 7 8 9 10 | 10.5
Bows           | 1 2 3 4 5 6 7 8 9 10 | 10.5
Crossbows      | 1 2 3 4 5 6 7 8 9 10 | 10.5
Throwing       | 1 2 3 4 5 6 7 8 9 10 | 10.5
Armour         | 1 2 3 4 5 6 7 8 9 10 | 10.5
Shields        | 1 2 3 4 5 6 7 8 9 10 | 10.5
Unarmed Combat | 1 2 3 4 5 6 7 8 9 10 | 10.5
Evocations     | 1 2 3 4 5 6 7 8 9 10 | 10.5
Hexes          | 1 2 3 4 5 6 7 8 |  8.9
Summonings     | 1 2 3 4 5 6 7 8 |  8.9
Necromancy     | 1 2 3 4 5 6 7 8 |  8.9
Translocations | 1 2 3 4 5 6 7 8 |  8.9
Transmutations | 1 2 3 4 5 6 7 8 |  8.9
Fire Magic     | 1 2 3 4 5 6 7 8 |  8.9
Ice Magic      | 1 2 3 4 5 6 7 8 |  8.9
Air Magic      | 1 2 3 4 5 6 7 8 |  8.9
Earth Magic    | 1 2 3 4 5 6 7 8 |  8.9
Poison Magic   | 1 2 3 4 5 6 7 8 |  8.9
Dodging        | 5 6 7 8 9 10 11 | 11.4
Stealth        | 5 6 7 8 9 10 11 | 11.2
Conjurations   | 8 9 10 11 | 11.2

Action                   |  1- 3 |  4- 6 |  7- 9 | 10-12 | 13-15 | 16-18 || total
-------------------------+-------+-------+-------+-------+-------+-------++-------
Melee: Mace              |     3 |    27 |     6 |       |       |       ||    36
       Bite              |       |     2 |       |     6 |    25 |       ||    33
       Trident           |       |       |       |    11 |       |       ||    11
       Dagger            |       |       |       |    44 |   184 |       ||   228
       Punch             |       |       |       |     1 |     8 |       ||     9
       Morningstar       |       |       |       |       |   152 |       ||   152
 Fire: Shortbow          |       |       |    30 |   349 |   143 |       ||   522
Throw: Dart              |       |    32 |    25 |    22 |   147 |       ||   226
       Stone             |       |    20 |       |       |       |       ||    20
       Throwing net      |       |       |       |       |     4 |       ||     4
       Boomerang         |       |       |       |       |   154 |     7 ||   161
 Cast: Magic Dart        |    59 |    40 |    18 |     4 |       |       ||   121
       Searing Ray       |     2 |    11 |    34 |    71 |    39 |       ||   157
       Poisonous Vapours |       |       |    25 |    67 |     6 |       ||    98
       Call Canine Famil |       |       |     2 |     5 |     3 |       ||    10
       Mephitic Cloud    |       |       |     1 |     2 |    43 |       ||    46
       Freezing Cloud    |       |       |       |     6 |    26 |     1 ||    33
       Dazzling Flash    |       |       |       |     5 |     5 |       ||    10
       Olgreb's Toxic Ra |       |       |       |    18 |    29 |     1 ||    48
       Fulminant Prism   |       |       |       |       |    20 |       ||    20
       Sticky Flame      |       |       |       |       |    57 |       ||    57
       Iskenderun's Myst |       |       |       |       |     4 |       ||     4
Invok: Banish            |       |       |       |     5 |    18 |     1 ||    24
       Bend Space        |       |       |       |     1 |    17 |       ||    18
       Corrupt           |       |       |       |     1 |     4 |       ||     5
Evoke: Wand              |       |       |    12 |    95 |    95 |       ||   202
       Phantom mirror    |       |       |       |       |     5 |     1 ||     6
       Lightning rod     |       |       |       |       |       |     4 ||     4
  Use: Scroll            |       |     6 |    10 |    11 |    26 |     2 ||    55
       Potion            |       |       |     2 |     5 |    24 |       ||    31
 Stab: Sleeping          |       |       |       |     6 |     6 |       ||    12
       Confused          |       |       |       |     1 |     7 |       ||     8
       Paralysed         |       |       |       |       |     7 |       ||     7
       Invisible         |       |       |       |       |     5 |       ||     5
       Held in net/web   |       |       |       |       |     1 |       ||     1
Armor: Robe              |     2 |    14 |     9 |       |       |       ||    25
       Steam dragon scal |       |       |    18 |    82 |    66 |       ||   166
       Acid dragon scale |       |       |       |       |   151 |     3 ||   154
Dodge: Dodged            |     6 |    46 |    62 |   251 |   491 |     4 ||   860
Block: Buckler           |       |       |       |       |   126 |     6 ||   132
       Reflection        |       |       |       |       |     9 |     4 ||    13

Table legend: (Time is in decaauts)
 A = Elapsed time spent in this place.
 B = Non-inter-level travel time spent in this place.
 C = Inter-level travel time spent in this place.
 D = Time resting spent in this place.
 E = Time spent auto-exploring this place.
 F = Levels seen in this place.
 G = Mean time per level.
                   A        B        C        D        E       F      G
               +--------+--------+--------+--------+--------+-----+--------+
         Total |  52338 |  49255 |   3083 |  25637 |  16562 |  27 | 1938.4 |
       Dungeon |  27420 |  25273 |   2147 |  12150 |   9494 |  15 | 1828.0 |
          Lair |  14082 |  13409 |    673 |   7059 |   4414 |   6 | 2347.0 |
        Shoals |     18 |     18 |      0 |      4 |      0 |   1 |   18.0 |
     Snake Pit |   8269 |   8198 |     71 |   5691 |   1586 |   3 | 2756.3 |
  Orcish Mines |   2548 |   2357 |    191 |    732 |   1066 |   2 | 1274.0 |
               +--------+--------+--------+--------+--------+-----+--------+

Top non-repeatable levels by time:
 Snake:2: 5845 daAuts
     D:9: 3581 daAuts
  Lair:3: 2952 daAuts
    D:14: 2899 daAuts
     D:7: 2714 daAuts
  Lair:4: 2688 daAuts
    D:10: 2558 daAuts
  Lair:1: 2550 daAuts
  Lair:2: 2509 daAuts
 Snake:1: 2402 daAuts
  Lair:6: 2327 daAuts
     D:8: 2320 daAuts
     D:6: 2099 daAuts
   Orc:2: 1957 daAuts
     D:3: 1773 daAuts
